[Event "FIDE WCCC G10 2018"]
[Site "Santiago de Compostela"]
[Date "2018.11.07"]
[Round "3"]
[White "Kleymenova, Valeria"]
[Black "Wu, Abbie"]
[Result "1-0"]
[ECO "A45"]
[WhiteElo "1773"]
[BlackElo "1446"]
[Annotator "NA RC"]
[PlyCount "89"]
[EventDate "2018.11.04"]
[EventType "swiss"]
[EventCountry "ESP"]
[SourceTitle "playchess.com"]
[Source "ChessBase"]
[SourceQuality "1"]
[TimeControl "40/5400+30:1800+30"]

1. d4 Nf6 2. c3 d5 3. e3 c5 4. Bd3 Nc6 5. Nd2 Qb6 6. f4 Bg4 7. Ngf3 c4 8. Bc2 e6 9. O-O Be7 10. Qe1 Bf5 11. e4 Bg6 12. Ne5 Nxd4 13. cxd4 Qxd4+ 14. Kh1 Bb4 15. Nef3 Qc5 16. Qe2 Bxd2 17. Nxd2 Bh5 18. Qe1 d4 19. Bd1 Bxd1 20. Qxd1 Qc6 21. e5 Ne4 22. Nxe4 Qxe4 23. Qa4+ Qc6 24. Qxc6+ bxc6 25. Bd2 Rb8 26. Rab1 O-O 27. Rfc1 c3 28. bxc3 d3 29. Kg1 c5 30. Kf2 c4 31. Ke3 a6 32. a4 Rfd8 33. Be1 Kf8 34. Kd2 Rdc8 35. Bf2 Ke8 36. Ba7 Ra8 37. Rb7 Rc6 38. Rcb1 Rcc8 39. Bb8 Rc6 40. Bd6 Rac8 41. Re7+ Kf8 42. Rbb7 f6 43. Rf7+ Ke8 44. Rbe7+ Kd8 45. Rf8# 1-0

[Event "FIDE WCCC G10 2018"]
[Site "Santiago de Compostela"]
[Date "2018.11.07"]
[Round "3"]
[White "Vlasova, Olesia"]
[Black "Elangovan, Ramya"]
[Result "1-0"]
[ECO "B46"]
[WhiteElo "1639"]
[BlackElo "1352"]
[Annotator "NA RC"]
[PlyCount "79"]
[EventDate "2018.11.04"]
[EventType "swiss"]
[EventCountry "ESP"]
[SourceTitle "playchess.com"]
[Source "ChessBase"]
[SourceQuality "1"]
[TimeControl "40/5400+30:1800+30"]

1. e4 c5 2. Nf3 e6 3. d4 cxd4 4. Nxd4 Nc6 5. Nc3 a6 6. Be2 Qc7 7. Nb3 Nf6 8. O-O Bb4 9. Qd3 O-O 10. f4 d6 11. Bf3 b5 12. Be3 Bb7 13. Rad1 Rfd8 14. a3 Bxc3 15. Qxc3 Rac8 16. Rf2 Rd7 17. Rfd2 Ne7 18. Qxc7 Rdxc7 19. Rxd6 Rxc2 20. Rd8+ Ne8 21. Nc5 Bc6 22. Rxc8 Nxc8 23. Nxa6 Rxb2 24. Nb4 Bb7 25. Rd8 Kf8 26. Bc5+ Ne7 27. Rd7 Bc8 28. Bxe7+ Kg8 29. Rd8 h6 30. Rxe8+ Kh7 31. Rxc8 Rb1+ 32. Kf2 Ra1 33. Rc3 Rb1 34. Bh5 f6 35. f5 exf5 36. exf5 g6 37. Bxg6+ Kg7 38. Nd5 Rd1 39. Bxf6+ Kg8 40. Rc8# 1-0

[Event "FIDE WCCC G10 2018"]
[Site "Santiago de Compostela"]
[Date "2018.11.07"]
[Round "3"]
[White "Anupam M Sreekumar"]
[Black "Vu, My Linh"]
[Result "0-1"]
[ECO "E90"]
[WhiteElo "1615"]
[BlackElo "1349"]
[Annotator "NA RC"]
[PlyCount "90"]
[EventDate "2018.11.04"]
[EventType "swiss"]
[EventCountry "ESP"]
[SourceTitle "playchess.com"]
[Source "ChessBase"]
[SourceQuality "1"]
[TimeControl "40/5400+30:1800+30"]

1. e4 g6 2. d4 Bg7 3. c4 d6 4. Nf3 Nf6 5. Nc3 O-O 6. h3 e5 7. d5 a5 8. Bg5 h6 9. Be3 Nh5 10. Qd2 g5 11. Be2 Nf4 12. Bxf4 exf4 13. Nh2 f5 14. h4 fxe4 15. hxg5 Qxg5 16. Nxe4 Qe7 17. Bd3 Bf5 18. O-O-O Na6 19. Rde1 Qd7 20. a3 Bxe4 21. Bxe4 b5 22. Bf3 Nc5 23. Qc2 bxc4 24. Bg4 Qb5 25. Be6+ Kh8 26. Ng4 Rab8 27. Nxh6 Qxb2+ 28. Qxb2 Nd3+ 29. Kd1 Nxb2+ 30. Kc2 Bxh6 31. Rxh6+ Kg7 32. Reh1 Na4 33. Rh7+ Kf6 34. Rxc7 Rb2+ 35. Kc1 Rfb8 36. Rd1 Nc3 37. Rd2 Rb1+ 38. Kc2 Ne4 39. Rxc4 R1b2+ 40. Kc1 Nxd2 41. Rxf4+ Ke5 42. Rf5+ Kd4 43. Rf4+ Kc3 44. Bf5 Rb1+ 45. Bxb1 Rxb1# 0-1

[Event "FIDE WCCC G10 2018"]
[Site "Santiago de Compostela"]
[Date "2018.11.07"]
[Round "3"]
[White "Szczotka, Klara"]
[Black "Kurmanalina, Deniza"]
[Result "1-0"]
[ECO "B40"]
[WhiteElo "1581"]
[BlackElo "1320"]
[Annotator "NA RC"]
[PlyCount "85"]
[EventDate "2018.11.04"]
[EventType "swiss"]
[EventCountry "ESP"]
[SourceTitle "playchess.com"]
[Source "ChessBase"]
[SourceQuality "1"]
[TimeControl "40/5400+30:1800+30"]

1. e4 c5 2. Nf3 e6 3. d4 cxd4 4. Nxd4 Nf6 5. Bd3 Nc6 6. Nb3 d5 7. Qe2 Qc7 8. Nc3 Bb4 9. Bd2 O-O 10. O-O a6 11. a3 Bd6 12. h3 b5 13. f4 dxe4 14. Nxe4 Nxe4 15. Bxe4 Bb7 16. Rad1 Rac8 17. g3 Ne7 18. Ba5 Bc5+ 19. Kh2 Bb6 20. Bxb6 Qxb6 21. Bxb7 Qxb7 22. c3 Rfd8 23. Nd4 h6 24. Rd3 Nd5 25. Rfd1 Kh8 26. f5 e5 27. Nb3 Rd6 28. Qxe5 Rcd8 29. R1d2 f6 30. Qe2 Qc7 31. Nd4 Qc8 32. Ne6 R8d7 33. Qf3 Qc4 34. Rd4 Qc6 35. Nf4 Qc5 36. Rxd5 Rxd5 37. Rxd5 Rxd5 38. Nxd5 a5 39. Kg2 Qc4 40. Nf4 Qb3 41. Qe2 Qf7 42. Qxb5 Qe7 43. Ng6+ 1-0

[Event "FIDE WCCC G10 2018"]
[Site "Santiago de Compostela"]
[Date "2018.11.07"]
[Round "3"]
[White "Chen, Yining"]
[Black "Rajanya Datta"]
[Result "1-0"]
[ECO "D43"]
[WhiteElo "1457"]
[BlackElo "1312"]
[Annotator "NA RC"]
[PlyCount "103"]
[EventDate "2018.11.04"]
[EventType "swiss"]
[EventCountry "ESP"]
[SourceTitle "playchess.com"]
[Source "ChessBase"]
[SourceQuality "1"]
[TimeControl "40/5400+30:1800+30"]

1. d4 Nf6 2. Nf3 d5 3. c4 e6 4. Nc3 c6 5. Bg5 Be7 6. e3 O-O 7. a3 Nbd7 8. Bd3 Re8 9. O-O h6 10. Bh4 dxc4 11. Bxc4 Nd5 12. Bg3 N7f6 13. Qc2 Bd6 14. Bxd6 Qxd6 15. e4 Nxc3 16. bxc3 Qc7 17. e5 Nd5 18. Nd2 b5 19. Bd3 Nf4 20. Be4 Bb7 21. Nb3 a5 22. Nc5 Ba6 23. g3 Nd5 24. Rfc1 Red8 25. Rab1 Nb6 26. Bd3 Bc8 27. f4 Nd7 28. Ne4 Ba6 29. Nd6 Nb6 30. Qg2 Nc8 31. Ne4 Nb6 32. Nc5 Nd5 33. a4 Rdb8 34. Qe4 g6 35. Nxa6 Rxa6 36. axb5 cxb5 37. Bxb5 Rab6 38. c4 Qb7 39. Ra1 Nc7 40. Qxb7 R8xb7 41. Rxa5 Nxb5 42. cxb5 Rxb5 43. Rc8+ Kg7 44. Raa8 f5 45. exf6+ Kxf6 46. Rc2 Rb4 47. Rd8 Kf5 48. Re2 Kg4 49. Kg2 Rb2 50. h3+ Kf5 51. Rf8+ Rf7 52. Rxf7# 1-0

[Event "FIDE WCCC G10 2018"]
[Site "Santiago de Compostela"]
[Date "2018.11.07"]
[Round "3"]
[White "Morden, SImone"]
[Black "Edithso, Samantha"]
[Result "0-1"]
[ECO "E61"]
[WhiteElo "1443"]
[BlackElo "1879"]
[Annotator "NA RC"]
[PlyCount "94"]
[EventDate "2018.11.04"]
[EventType "swiss"]
[EventCountry "ESP"]
[SourceTitle "playchess.com"]
[Source "ChessBase"]
[SourceQuality "1"]
[TimeControl "40/5400+30:1800+30"]

1. d4 Nf6 2. c4 g6 3. Nc3 Bg7 4. Nf3 d6 5. Bf4 O-O 6. e3 Bg4 7. Be2 Nbd7 8. h3 Bxf3 9. Bxf3 c6 ({Better is} 9... e5 $11 10. dxe5 Nxe5) 10. O-O {[%emt 0:00:09] LiveBook: 3 Games} h6 {[%emt 0:01:25] E61: King's Indian: Early deviations for White, including Smyslov System} (10... Re8 11. Bh2 e5 12. dxe5 Nxe5 13. Bxe5 dxe5 14. Qxd8 Raxd8 15. Rfd1 Kf8 16. Rxd8 Rxd8 17. Rd1 {½-½ (17) Martinez,R (2411)-Salvador,R (2455) Milan 2006}) 11. Rc1 $146 ({Predecessor:} 11. e4 Nh7 12. Qd2 g5 13. Bh2 Qb6 14. Rad1 Rad8 15. b3 c5 16. Na4 Qa6 17. d5 Ne5 18. Be2 {0-1 (45) Seeger,G-Schuetze,N Germany 1995}) 11... Nh7 12. b4 e5 13. Bh2 f5 (13... Ng5 $11 {remains equal.}) 14. c5 d5 15. Be2 (15. Nxd5 $1 $16 Ng5 16. Nc3) 15... exd4 16. exd4 Ng5 17. Bd6 Re8 18. Qd3 (18. b5 $14 {is the one way to stay ahead.}) 18... Qf6 (18... a5 $17 19. b5 Ne6) 19. Rcd1 Ne4 (19... a5 $15 20. b5 Ne6) 20. Nxe4 Rxe4 21. Bf3 Rxd4 22. Qxd4 Qxd4 23. Rxd4 Bxd4 24. Re1 $1 Bf6 25. g4 a5 26. gxf5 (26. b5 $1 $11) 26... gxf5 ({Black should try} 26... axb4 $17 27. fxg6 Nf8) 27. bxa5 (27. b5 $11) 27... Rxa5 28. Re8+ Kg7 29. Rc8 $2 {[%emt 0:00:37] [#]} ({White must play} 29. Bh5 $11) 29... Nxc5 ({Black should try} 29... Kg6 $1 30. Rc7 Ne5 31. Bxe5 Bxe5 32. Rxb7 Rxc5) 30. Bh5 {[%emt 0:01:03] [#]} (30. Bxd5 $17 {was worth a try.} cxd5 31. Rxc5 Rxc5 32. Bxc5) 30... Ne6 $1 31. Re8 {[%emt 0:00:17] [#]} Ng5 $1 32. h4 Ne4 ({Weaker is} 32... Rxa2 33. hxg5 hxg5 34. Bf8+ Kh7 35. Re6 $16) 33. Bb4 (33. Bf8+ $17 {war angesagt.} Kh7 34. Be7) 33... Rxa2 $2 (33... Ra6 $19 34. Bf8+ Kh7) 34. Rc8 $2 (34. Rf8 $11) 34... Bd4 35. Rc7+ Kf6 36. Rf7+ Ke5 37. Re7+ Kf4 38. Rh7 Bxf2+ 39. Kf1 Ng3+ 40. Kg2 Nxh5 41. Bd6+ Kg4 42. Rxh6 Be3+ 43. Kf1 Kf3 44. Be5 Rc2 45. Bb2 Rxb2 46. Rxc6 Rb1+ 47. Rc1 Rxc1# 0-1

[Event "FIDE WCCC G10 2018"]
[Site "Santiago de Compostela"]
[Date "2018.11.07"]
[Round "3"]
[White "Kirtadze, Anastasia"]
[Black "Shvedova, Alexandra"]
[Result "0-1"]
[ECO "A13"]
[WhiteElo "1373"]
[BlackElo "1782"]
[Annotator "NA RC"]
[PlyCount "124"]
[EventDate "2018.11.04"]
[EventType "swiss"]
[EventCountry "ESP"]
[SourceTitle "playchess.com"]
[Source "ChessBase"]
[SourceQuality "1"]
[TimeControl "40/5400+30:1800+30"]

1. c4 e6 2. Nf3 d5 3. b3 Nf6 4. Bb2 Be7 5. e3 O-O 6. Be2 c5 7. O-O b6 8. d4 Bb7 9. Nc3 Nbd7 10. Rc1 Rc8 11. Qd2 dxc4 12. bxc4 Bxf3 13. Bxf3 cxd4 14. exd4 Rxc4 15. Nb5 Rxc1 16. Rxc1 Ne5 17. Bb7 Qd7 18. Ba6 Nc6 19. a4 Nd5 20. Na3 Nc7 21. Bb7 Na5 22. Qc2 Bd6 23. Be4 h6 24. Bd3 Bf4 25. Re1 Rc8 26. Qe2 Qd6 27. g3 Bg5 28. h4 Be7 29. Qe4 f5 30. Qe2 Bf6 31. Nc2 Qd7 32. Qh5 Qe8 33. Qf3 Qxa4 34. g4 Qc6 35. Qg3 f4 36. Qxf4 Bxh4 37. Ba3 Bg5 38. Qg3 Nd5 39. Nb4 Qc7 40. Qg2 Nf4 41. Qe4 Nxd3 42. Qxe6+ Kh8 43. Nxd3 Nc4 44. Bc1 Bf6 45. Nf4 Bxd4 46. Ng6+ Kh7 47. Qf5 Qg3+ 48. Kf1 Qxf2+ 49. Qxf2 Bxf2 50. Kxf2 Kxg6 51. Kg3 a5 52. Bf4 b5 53. Rb1 b4 54. Rb3 Nb6 55. Bd2 Nd5 56. Kf3 a4 57. Rd3 Nc3 58. Ke3 a3 59. Rd6+ Kh7 60. Kd3 Ra8 61. Kc2 a2 62. Kb2 a1=Q+ 0-1

[Event "FIDE WCCC G10 2018"]
[Site "Santiago de Compostela"]
[Date "2018.11.07"]
[Round "3"]
[White "Cereijo Suarez, Nerea"]
[Black "Zhou, Yafei"]
[Result "0-1"]
[ECO "D19"]
[WhiteElo "1368"]
[BlackElo "1648"]
[Annotator "NA RC"]
[PlyCount "92"]
[EventDate "2018.11.04"]
[EventType "swiss"]
[EventCountry "ESP"]
[SourceTitle "playchess.com"]
[Source "ChessBase"]
[SourceQuality "1"]
[TimeControl "40/5400+30:1800+30"]

1. d4 d5 2. c4 c6 3. Nc3 Nf6 4. Nf3 dxc4 5. a4 Bf5 6. e3 e6 7. Bxc4 Bb4 8. O-O O-O 9. Qe2 Nbd7 10. e4 Bg6 11. e5 Nd5 12. Nxd5 cxd5 13. Bd3 Bxd3 14. Qxd3 Be7 15. Bf4 Rc8 16. Rfc1 Qb6 17. Rc2 Nb8 18. Rac1 Nc6 19. Qb5 Bb4 20. Qxb6 axb6 21. h3 h6 22. Kh1 Rfd8 23. Bd2 Bxd2 24. Rxd2 Nb4 25. Rdd1 Kf8 26. Ng1 Nd3 27. Rxd3 Rxc1 28. Rb3 Ra8 29. Rxb6 Rxa4 30. Rxb7 Raa1 31. Rb8+ Ke7 32. Rb7+ Ke8 33. Rb8+ Kd7 34. Rb7+ Kc6 35. Rxf7 Rxg1+ 36. Kh2 Rgd1 37. Rxg7 Rxd4 38. Rg6 Kd7 39. Rxh6 Re4 40. Rh7+ Kc6 41. Rh5 d4 42. Rh6 Kd5 43. g4 d3 44. g5 d2 45. Rh8 d1=Q 46. Rd8+ Kxe5 0-1

[Event "FIDE WCCC G10 2018"]
[Site "Santiago de Compostela"]
[Date "2018.11.07"]
[Round "3"]
[White "Qu, Greta"]
[Black "Rouda Essa, Alserkal"]
[Result "0-1"]
[ECO "C44"]
[WhiteElo "1360"]
[BlackElo "1635"]
[Annotator "NA RC"]
[PlyCount "66"]
[EventDate "2018.11.04"]
[EventType "swiss"]
[EventCountry "ESP"]
[SourceTitle "playchess.com"]
[Source "ChessBase"]
[SourceQuality "1"]
[TimeControl "40/5400+30:1800+30"]

1. e4 e5 2. Nf3 Nc6 3. d4 exd4 4. Nxd4 Nf6 5. Nc3 Bb4 6. Nxc6 bxc6 7. Bd3 d5 8. exd5 cxd5 9. O-O O-O 10. Bg5 c6 11. Qf3 Be7 12. h3 Rb8 13. Rab1 Bb7 14. Qd1 c5 15. b3 d4 16. Bxf6 Bxf6 17. Ne4 Be7 18. Nxc5 Ba8 19. Ne4 f5 20. Nd2 Rb6 21. Nf3 Rg6 22. Kh1 Kh8 23. Rg1 Bc5 24. a4 Rh6 25. Re1 Qd6 26. Qe2 Qg6 27. b4 Bd6 28. Qd1 Qg4 29. Be2 Rxh3+ 30. Kg1 Rh2 31. Bf1 Qh5 32. g3 Rh1+ 33. Kg2 Qh3# 0-1

[Event "FIDE WCCC G10 2018"]
[Site "Santiago de Compostela"]
[Date "2018.11.07"]
[Round "3"]
[White "Abdinova, Narmin"]
[Black "Petrosyan, Ani"]
[Result "1-0"]
[ECO "B13"]
[WhiteElo "1320"]
[BlackElo "1442"]
[Annotator "NA RC"]
[PlyCount "71"]
[EventDate "2018.11.04"]
[EventType "swiss"]
[EventCountry "ESP"]
[SourceTitle "playchess.com"]
[Source "ChessBase"]
[SourceQuality "1"]
[TimeControl "40/5400+30:1800+30"]

1. e4 c6 2. d4 d5 3. exd5 cxd5 4. Bd3 Nf6 5. Bf4 g6 6. c3 Qb6 7. Qb3 Bg7 8. Qxb6 axb6 9. Bc7 Bf5 10. Bxf5 gxf5 11. Bxb6 Na6 12. Nf3 Nd7 13. Ba5 b6 14. Bb4 Nxb4 15. cxb4 Rc8 16. Nc3 e6 17. a3 Ke7 18. Ke2 Rc4 19. Rhd1 Bf6 20. Rac1 Rg8 21. h3 Rxg2 22. b3 Rxc3 23. Rxc3 Nf8 24. Rc7+ Ke8 25. Rc8+ Ke7 26. Rc7+ Ke8 27. a4 Bd8 28. Ra7 Ng6 29. Ke3 Be7 30. a5 b5 31. Rg1 Bg5+ 32. Ke2 Nf4+ 33. Kf1 Rxg1+ 34. Kxg1 Be7 35. Rxe7+ Kxe7 36. a6 1-0

[Event "FIDE WCCC G10 2018"]
[Site "Santiago de Compostela"]
[Date "2018.11.07"]
[Round "3"]
[White "Ho, Ngoc Vy"]
[Black "Gupta, Sara"]
[Result "1-0"]
[ECO "D37"]
[WhiteElo "1275"]
[BlackElo "1561"]
[Annotator "NA RC"]
[PlyCount "59"]
[EventDate "2018.11.04"]
[EventType "swiss"]
[EventCountry "ESP"]
[SourceTitle "playchess.com"]
[Source "ChessBase"]
[SourceQuality "1"]
[TimeControl "40/5400+30:1800+30"]

1. d4 d5 2. c4 e6 3. Nf3 Nf6 4. Nc3 Nbd7 5. e3 Be7 6. Bd3 dxc4 7. Bxc4 c5 8. O-O O-O 9. Qc2 cxd4 10. Nxd4 b6 11. Nc6 Qe8 12. Nb5 Nc5 13. Ncxa7 Qd7 14. Rd1 Qb7 15. b4 Na6 16. a3 Bd7 17. Bb2 Nc7 18. Bxf6 Bxf6 19. Rxd7 Bxa1 20. Rxc7 Qb8 21. Nc6 Qe8 22. Nd6 Qxc6 23. Rxc6 Rxa3 24. h3 Be5 25. Qe4 Ra1+ 26. Bf1 Bf6 27. Rc7 g6 28. Nxf7 Rxf7 29. Qxe6 Ra7 30. Qxf7+ 1-0

[Event "FIDE WCCC G10 2018"]
[Site "Santiago de Compostela"]
[Date "2018.11.07"]
[Round "3"]
[White "Petrenko, Maryna"]
[Black "Khamdamova, Afruza"]
[Result "0-1"]
[ECO "D02"]
[WhiteElo "1249"]
[BlackElo "1691"]
[Annotator "NA RC"]
[PlyCount "50"]
[EventDate "2018.11.04"]
[EventType "swiss"]
[EventCountry "ESP"]
[SourceTitle "playchess.com"]
[Source "ChessBase"]
[SourceQuality "1"]
[TimeControl "40/5400+30:1800+30"]

1. d4 Nf6 2. Nf3 d5 3. Bf4 Bf5 4. e3 e6 5. Nbd2 Be7 6. Be2 O-O 7. O-O c5 8. c4 Nc6 9. Nb3 Nd7 10. Rc1 cxd4 11. cxd5 exd5 12. Nbxd4 Bg4 13. Nxc6 bxc6 14. Rxc6 Nc5 15. Qd4 Ne6 16. Qd2 Nxf4 17. exf4 Bf6 18. h3 Bc8 19. Rd1 Bb7 20. Rcc1 Qb6 21. b3 Rad8 22. Nd4 Rfe8 23. Bf3 Bxd4 24. Qxd4 Re1+ 25. Kh2 Qxd4 0-1

[Event "FIDE WCCC G10 2018"]
[Site "Santiago de Compostela"]
[Date "2018.11.07"]
[Round "3"]
[White "Galvez Aguirre, Valentina"]
[Black "Sureda Gonzalez, Cristina"]
[Result "1/2-1/2"]
[ECO "B21"]
[WhiteElo "1173"]
[BlackElo "1422"]
[Annotator "NA RC"]
[PlyCount "82"]
[EventDate "2018.11.04"]
[EventType "swiss"]
[EventCountry "ESP"]
[SourceTitle "playchess.com"]
[Source "ChessBase"]
[SourceQuality "1"]
[TimeControl "40/5400+30:1800+30"]

1. e4 c5 2. d4 cxd4 3. c3 dxc3 4. Nxc3 Nc6 5. Nf3 d6 6. Bc4 a6 7. O-O Nf6 8. e5 dxe5 9. Qxd8+ Nxd8 10. Nxe5 e6 11. Rd1 Nd7 12. Nf3 Nc6 13. Bf4 b5 14. Bd3 Nc5 15. Be2 b4 16. Nb1 Bb7 17. Nbd2 Be7 18. Nc4 O-O 19. Be3 Rad8 20. Nfe5 Ne4 21. Bf3 Nxe5 22. Nxe5 f6 23. Nd3 Rfe8 24. Nf4 Bf8 25. Rxd8 Rxd8 26. Nxe6 Rc8 27. Nxf8 Kxf8 28. Rc1 Rxc1+ 29. Bxc1 f5 30. Kf1 Ke7 31. Ke2 Ke6 32. Bd2 a5 33. Be3 Bd5 34. Bxe4 Bxe4 35. f3 Bd5 36. b3 Bc6 37. Bb6 a4 38. Ba5 axb3 39. axb3 Bd5 40. Bxb4 Bxb3 41. g3 g6 1/2-1/2